 Dungeon Crawl Stone Soup version 0.30-a0-634-g8abc85282e (webtiles) character file.

Game seed: 3543459822812011771

728355 Ijustatesigmund the Timeless (level 27, -79/269 HPs)
             Began as a Barachi Ice Elementalist on Jan 12, 2023.
             Was a High Priest of Cheibriados.
             Killed from afar by a hellephant (93 damage)
             ... with a blast of flame
             ... on level 14 of a ziggurat on Jan 14, 2023.
             The game lasted 07:23:24 (104769 turns).

Ijustatesigmund the Timeless (BaIE)               Turns: 104769, Time: 07:23:25

Health: -79/269    AC: 45    Str: 24    XL:     27
Magic:  40/44      EV: 31    Int: 50    God:    Cheibriados [*****.]
Gold:   7414       SH: 14    Dex: 40    Spells: 4/60 levels left

rFire   . . .      SeeInvis +    T - +9 demon blade (heavy)
rCold   + + .      Faith    .    L - +2 buckler of Hysteria {Will++ Dex+9}
rNeg    + . .      Spirit   .    (body armour currently unavailable)
rPois   ∞          Reflect  .    O - +2 helmet {Int+3}
rElec   +          Harm     .    h - +2 cloak {Stlth+}
rCorr   +          Rampage  .    (gloves currently unavailable)
Will    ++++.      Clarity  +    (boots currently unavailable)
Stlth   ++++++++                 C - amulet "Nipnou Liwi" {RegenMP rC+}
HPRegen 0.64/turn                Y - ring of the Octopus King {HP+2 AC+2 EV+2 SH+2 SInv}
MPRegen 0.69/turn                Z - ring of Tender Moments {rElec rCorr AC+4 Int+4 Stlth+}

@: statue-form, studying 2 skills, unable to drink, very slow
A: slow and powerful, torment resistance 1, boosted hp, amphibious, (slowness
1), strong legs 2, +LOS, agile 1, clarity, clever 1, cold resistance 1, frail 1,
subdued magic 1, inability to drink after injury 1
}: 5/15 runes: barnacled, slimy, silver, abyssal, gossamer
a: Hop, End Transformation, Renounce Religion, Bend Time, Temporal Distortion,
Slouch, Step From Time


You were on level 14 of a ziggurat.
You worshipped Cheibriados.
Cheibriados was extremely pleased with you.
You were a living statue of rough stone.
You visited 14 branches of the dungeon, and saw 58 of its levels.
You visited the Abyss 2 times.
You visited 1 ziggurat, and saw 14 of its levels.
You also visited: Bailey, Gauntlet and Wizlab.

You collected 9142 gold pieces.
You spent 1728 gold pieces at shops.

Inventory:

Hand Weapons
 t - the +8 dagger of Growth {venom, rF+ rC- rN++ Dex-2}
   (You took it off a gnoll on level 4 of the Dungeon)

   Dex:       It affects your dexterity (-2).
   rF:        It protects you from fire.
   rC:        It makes you vulnerable to cold.
   rN:        It greatly protects you from negative energy.
 T - a +9 heavy demon blade (weapon)
Armour
 h - a +2 cloak of stealth (worn)
 y - the +2 pair of boots of Dogmatism (melded) {rC+ rN+ Will+ Int+2}
   (You found it on level 3 of the Elven Halls)

   Int:       It affects your intelligence (+2).
   rC:        It protects you from cold.
   rN:        It protects you from negative energy.
   Will:      It increases your willpower.
 L - the +2 buckler of Hysteria (worn) {Will++ Dex+9}
   (You acquired it on level 2 of the Lair of Beasts)

   Dex:       It affects your dexterity (+9).
   Will:      It greatly increases your willpower.
 N - +8 fire dragon scales (melded)
 O - a +2 helmet of intelligence (worn)
 W - a +2 pair of gloves of stealth (melded)
Magical Staves
 K - a staff of cold
Jewellery
 d - an amulet of reflection
 n - the ring "Weguuxaco" {Fly rC+ Int+6}
   (You found it on level 5 of the Pits of Slime)

   [ring of flight]

   Int:       It affects your intelligence (+6).
   rC:        It protects you from cold.
   Fly:       It grants you flight.
 p - the ring "Sehib" {rF+ Int+7}
   (You found it on level 9 of a ziggurat)

   [ring of protection from fire]

   Int:       It affects your intelligence (+7).
   rF:        It protects you from fire.
 r - the ring "Hodit" {rPois rC++ rN+ Str+3 Int+2}
   (You found it on level 10 of a ziggurat)

   [ring of positive energy]

   Str:       It affects your strength (+3).
   Int:       It affects your intelligence (+2).
   rC:        It greatly protects you from cold.
   rPois:     It protects you from poison.
   rN:        It protects you from negative energy.
 s - the ring of Finality {Ice Str-2 Dex+7}
   (You took it off a balrug on level 3 of the Depths)

   [ring of ice]

   It enhances your ice magic.
   Str:       It affects your strength (-2).
   Dex:       It affects your dexterity (+7).
   rF:        It makes you vulnerable to fire.
   rC:        It protects you from cold.
 C - the amulet "Nipnou Liwi" (around neck) {RegenMP rC+}
   (You took it off a deep elf knight on level 3 of the Elven Halls)

   [amulet of magic regeneration]

   It increases your rate of magic regeneration.
   rC:        It protects you from cold.
 F - the amulet of Daggi {RegenMP rPois}
   (You found it on level 1 of the Realm of Zot)

   [amulet of magic regeneration]

   It increases your rate of magic regeneration.
   rPois:     It protects you from poison.
 P - the amulet "Cilino" {Will+ Regen+ Int+2}
   (You took it off a vault sentinel on level 5 of the Vaults)

   [amulet of regeneration]

   Int:       It affects your intelligence (+2).
   Regen:     It increases your rate of health regeneration.
   Will:      It increases your willpower.
 Y - a ring of the Octopus King (left fist) {HP+2 AC+2 EV+2 SH+2 SInv}
   (You found it in a Gauntlet)

   [ring of see invisible]

   AC:        It affects your AC (+2).
   EV:        It affects your evasion (+2).
   HP:        It affects your health (+2).
   SInv:      It lets you see invisible.
   SH:        It affects your SH (+2).
 Z - the ring of Tender Moments (right fist) {rElec rCorr AC+4 Int+4 Stlth+}
   (You found it on level 5 of the Pits of Slime)

   [ring of protection]

   AC:        It affects your AC (+4).
   Int:       It affects your intelligence (+4).
   rElec:     It insulates you from electricity.
   rCorr:     It protects you from acid and corrosion.
   Stlth:     It makes you more stealthy.
Wands
 f - a wand of polymorph (28)
 o - a wand of mindburst (12)
 u - a wand of charming (32)
 w - a wand of acid (5)
 H - a wand of flame (8)
 Q - a wand of digging (13)
 V - a wand of roots (32)
Scrolls
 j - 6 scrolls of fog
 m - 14 scrolls of poison
 A - 4 scrolls of silence
 B - 5 scrolls of fear
 D - 3 scrolls of enchant weapon
 G - 4 scrolls of magic mapping
 I - 10 scrolls of teleportation
 M - 3 scrolls of amnesia
 R - 43 scrolls of identify
 U - 10 scrolls of immolation
Potions
 b - 3 potions of magic
 c - 11 potions of curing
 e - 5 potions of brilliance
 g - 7 potions of mutation
 i - 2 potions of might
 k - 18 potions of lignification
 l - 7 potions of berserk rage
 q - a potion of cancellation
 v - 10 potions of ambrosia
 z - 7 potions of attraction
 E - 3 potions of resistance
 J - 9 potions of flight
 S - 7 potions of invisibility
Miscellaneous
 a - a condenser vane
 x - a phantom mirror


   Skills:
 - Level 21.3 Fighting
 - Level 3.5(11.1) Short Blades
 - Level 17.5(17.7) Long Blades
 - Level 21.0 Armour
 - Level 11.7 Dodging
 - Level 11.0 Stealth
 - Level 11.2 Shields
 - Level 17.3 Spellcasting
 - Level 18.2 Summonings
 + Level 13.2 Necromancy
 - Level 7.7 Translocations
 - Level 16.1 Transmutations
 - Level 22.0 Ice Magic
 - Level 10.0 Earth Magic
 + Level 22.4 Invocations
 - Level 10.6 Evocations


You had 4 spell levels left.
You knew the following spells:

 Your Spells              Type           Power      Damage    Failure   Level
a - Ozocubu's Refrigerat  Ice            58%        4d20      1%          7
b - Frozen Ramparts       Ice            100%       1d16      0%          3
c - Ozocubu's Armour      Ice            100%       N/A       0%          3
d - Summon Ice Beast      Ice/Summ       100%       N/A       0%          4
e - Lesser Beckoning      Tloc           100%       N/A       1%          3
f - Dispel Undead         Necr           94%        3d30      0%          4
g - Passage of Golubria   Tloc           75%        N/A       1%          4
h - Borgnjor's Vile Clut  Necr/Erth      44%        N/A       1%          5
i - Blink                 Tloc           100%       N/A       0%          2
j - Passwall              Tmut/Erth      78%        N/A       0%          2
k - Summon Forest         Summ/Tloc      46%        N/A       1%          5
l - Statue Form           Tmut/Erth      62%        N/A       1%          6
m - Necromutation         Tmut/Necr      49%        N/A       6%          8

Your spell library contained the following spells:

 Spells                   Type           Power      Damage    Failure   Level
 Freeze                   Ice            100%       1d10      0%          1
 Kiss of Death            Conj/Necr      100%       2d13      0%          1
 Necrotise                Necr           100%       1d9       0%          1
 Sandblast                Erth           100%       2d20      0%          1
 Call Imp                 Summ           100%       N/A       0%          2
 Ensorcelled Hibernation  Hex/Ice        100%       N/A       0%          2
 Sublimation of Blood     Necr           94%        N/A       0%          2
 Wereblood                Tmut           100%       N/A       0%          2
 Hailstorm                Conj/Ice       87%        3d17      0%          3
 Vampiric Draining        Necr           94%        2d12      0%          3
 Animate Dead             Necr           94%        N/A       0%          4
 Ice Form                 Ice/Tmut       100%       N/A       0%          4
 Magic Dart               Conj           100%       1d8       1%          1
 Shock                    Conj/Air       100%       1d9       1%          1
 Slow                     Hex            100%       N/A       1%          1
 Cigotuvi's Dreadful Rot  Necr/Pois/Air  100%       N/A       1%          2
 Momentum Strike          Conj/Tloc      100%       3d10      1%          2
 Poisonous Vapours        Pois/Air       66%        N/A       1%          2
 Static Discharge         Conj/Air       66%        2-5/arc   1%          2
 Confusing Touch          Hex            33%        N/A       1%          3
 Dazzling Flash           Conj/Hex       66%        N/A       1%          3
 Gell's Gravitas          Tloc           75%        N/A       1%          3
 Ignite Poison            Fire/Tmut/Pois 66%        N/A       1%          3
 Inner Flame              Hex/Fire       33%        N/A       1%          3
 Kindle Blastsparks       Fire/Tloc/Air  100%       2d18      1%          3
 Mephitic Cloud           Conj/Pois/Air  33%        N/A       1%          3
 Portal Projectile        Hex/Tloc       100%       N/A       1%          3
 Summon Guardian Golem    Hex/Summ       80%        N/A       1%          3
 Swiftness                Air            33%        N/A       1%          3
 Teleport Other           Tloc           75%        N/A       1%          3
 Tukima's Dance           Hex            33%        N/A       1%          3
 Anguish                  Hex/Necr       35%        N/A       1%          4
 Leda's Liquefaction      Hex/Erth       32%        N/A       1%          4
 Manifold Assault         Tloc           75%        N/A       1%          4
 Summon Lightning Spire   Summ/Air       80%        N/A       1%          4
 Airstrike                Air            16%        2d(3-19)  3%          4
 Cause Fear               Hex            16%        N/A       3%          4
 Fulminant Prism          Conj/Hex       16%        3d10      3%          4
 Sticky Flame             Conj/Fire      33%        2d5       3%          4
 Blade Hands              Tmut           51%        N/A       0%          5
 Agony                    Necr           94%        N/A       1%          5
 Alistair's Intoxication  Tmut/Pois      51%        N/A       1%          5
 Freezing Cloud           Conj/Ice/Air   37%        6-21      1%          5
 Irradiate                Conj/Tmut      38%        3d24      1%          5
 Lee's Rapid Deconstruct  Erth           42%        3d20*     1%          5
 Summon Mana Viper        Hex/Summ       80%        N/A       1%          5
 Yara's Violent Unravell  Hex/Tmut       38%        3d15      1%          5
 Death Channel            Necr           47%        N/A       1%          6
 Eringya's Noxious Bog    Tmut/Pois      38%        N/A       1%          6
 Simulacrum               Ice/Necr       53%        N/A       1%          6
 Dragon Form              Tmut           51%        N/A       1%          7
 Haunt                    Necr/Summ      50%        N/A       1%          7
 Malign Gateway           Summ/Tloc      46%        N/A       1%          7
 Monstrous Menagerie      Summ           54%        N/A       1%          7
 Summon Hydra             Summ           54%        N/A       1%          7
 Summon Horrible Things   Summ           54%        N/A       1%          8
 Spellforged Servitor     Conj/Summ      40%        N/A       8%          7
 Arcjolt                  Conj/Air       16%        1d26      12%         5
 Fireball                 Conj/Fire      16%        3d8       12%         5
 Iskenderun's Battlesphe  Conj           33%        2d9       12%         5
 Lightning Bolt           Conj/Air       16%        1d30      12%         5
 Silence                  Hex/Air        16%        N/A       12%         5
 Borgnjor's Revivificati  Necr           47%        N/A       12%         8
 Infestation              Necr           47%        N/A       12%         8
 Storm Form               Tmut/Air       38%        N/A       13%         7
 Dragon's Call            Summ           54%        N/A       24%         9
 Conjure Ball Lightning   Conj/Air       16%        3x3d6     54%         6
 Starburst                Conj/Fire      16%        6d6       54%         6
 Disjunction              Tloc           37%        N/A       77%         8
 Orb of Destruction       Conj           16%        9d7       98%         7
 Lehudib's Crystal Spear  Conj/Erth      32%        10d8      98%         8
 Ignition                 Fire           16%        3d7       100%        8
 Maxwell's Capacitive Co  Air            16%        ∞         100%        8
 Fire Storm               Conj/Fire      16%        8d4       100%        9


Dungeon Overview and Level Annotations

Branches:
Dungeon (15/15)            Temple (1/1) D:4            Lair (5/5) D:11
 Shoals (4/4) Lair:2       Spider (4/4) Lair:2        Slime (5/5) Lair:5
    Orc (2/2) D:11            Elf (3/3) Orc:2        Vaults (5/5) D:13
  Crypt (3/3) Vaults:3       Tomb (0/3) Crypt:3      Depths (4/4) D:15
   Hell (visited)             Geh (1/7) Hell            Zot (5/5) Depths:4
 Bailey (visited)          WizLab (visited)         Gauntlet (visited)
    Dis: Hell:1         Coc: Hell:1         Tar: Hell:1

Altars:
Ashenzari
Cheibriados
Dithmenos
Elyvilon
Fedhas
Gozag
Hepliaklqana
Kikubaaqudgha
Makhleb
Nemelex Xobeh
Okawaru
Qazlal
Ru
Sif Muna
Trog
Uskayaw
Vehumet
Wu Jian
Xom
Yredelemnul
Zin
The Shining One
Jiyva

Shops:
D:8 *   Orc:1 (   Orc:2 =([?   Vaults:2 *   Vaults:3 ?   Vaults:5 (
Depths:4 *

Portals:
Hell: Depths:1 Depths:2 Depths:3 Depths:4
Abyss: Depths:2 Depths:3 Depths:4
Pandemonium: Depths:2 Depths:4

Annotations:
Orc:1 Donald
Zot:2 2 transporters, exclusion: 2 orange crystal statues, Donuwkat's ghost, veteran DsBe
Zot:3 4 transporters


Innate Abilities, Weirdness & Mutations

You are a living statue of rough stone.
Your actions are slow, but your melee attacks are powerful.
You are resistant to unholy torment.
Your maximum health is greatly increased.
You are immune to poison.
Your equipment is partially melded.
You are amphibious.
((You cover ground slowly.))
You can hop long distances.
You have an extended range of vision and can be seen from far away.
You are agile. (Dex +4, Str/Int -1)
You possess an exceptional clarity of mind.
Your mind is acute. (Int +4, Str/Dex -1)
Your flesh is cold resistant. (rC+)
You are frail. (-10% HP)
Your spells are a little easier to cast, but a little less powerful.
You occasionally lose the ability to drink potions when taking damage.


Message History

Aiming: Borgnjor's Vile Clutch (safe; 1% risk of failure)
Press: ? - help, Shift-Dir - straight line, f/p - hellephant
Aim: a hellephant (heavily wounded, 100% to hit)
Zombie hands grab the hellephant.
The zombie hands constrict the hellephant!
The hellephant blinks free!
The catoblepas breathes a plume of calcifying dust at you.
The blast of calcifying dust hits you but does no damage.
You hit the catoblepas but do no damage.
The catoblepas is lightly wounded.
The hellephant blinks!
You block the catoblepas's attack.
The catoblepas breathes a plume of calcifying dust at you.
The blast of calcifying dust hits you but does no damage.
You carve the catoblepas like a ham!!!
The catoblepas is severely wounded.
The hellephant breathes flames at you. The blast of flame hits you!!!
You feel threatened and lose the ability to drink potions!
* * * LOW HITPOINT WARNING * * *
You block the catoblepas's attack.
Casting: Borgnjor's Vile Clutch (safe; 1% risk of failure)
Confirm with . or Enter, or press ? or * to list all spells.
Aiming: Borgnjor's Vile Clutch (safe; 1% risk of failure)
Press: ? - help, Shift-Dir - straight line, f/p - hellephant
Aim: a hellephant (heavily wounded, catching its breath, 100% to hit)
Zombie hands grab the hellephant.
The zombie hands constrict the hellephant, but do no damage.
The hellephant struggles to escape constriction.
The catoblepas breathes a plume of calcifying dust at you.
The blast of calcifying dust hits you but does no damage.
You slice the catoblepas like a ripe choko!!!
You kill the catoblepas!
Cheibriados appreciates the change of pace.
The zombie hands constrict the hellephant!!
The hellephant struggles to escape constriction. x2
The zombie hands constrict the hellephant!!
The zombie hands release their grip on the hellephant.
The hellephant breathes flames at you. The blast of flame hits you!!!!
You die...

▓?∩!)...................▓▓
▓))}?...................▓
▓............†..........▓
▓.....................▓▓
▓.....................▓
▓..Y.††.............▓▓
▓.................▓▓
▓..†††..........▓▓
▓†.8)...§...▓▓▓
▓▓▓▓▓▓.▓▓▓▓▓▓ ▓▓▓


You could see a hellephant (catching breath).

Vanquished Creatures
  the Royal Jelly (Slime:5)
  Tiamat (Zot:3)
  3 dread liches
  3 ancient liches
  The ghost of Ubodu the Minotaur Barricade, a legendary MiFi of the Shining One (Zot:1)
  8 orbs of fire
  6 juggernauts
  Vv (Crypt:1)
  4 Killer Klowns (Zot:5)
  Bai Suzhen (Crypt:1)
  Saint Roka (Crypt:1)
  4 shard shrikes (Zot:1)
  7 caustic shrikes
  The ghost of Rrauwl the Phalangite, a veteran FoFi of Zin (Shoals:3)
  2 curse toes
  11 golden dragons
  Geryon (Hell)
  2 bone dragons (Crypt:3)
  A Tzitzimitl (Zig:12)
  A hellephant (Zig:14)
  3 electric golems
  A Brimstone Fiend (Depths:3)
  An iron giant (Zig:13)
  Zenata (Elf:3)
  Jorgrun (Shoals:1)
  2 deep elf blademasters (Elf:3)
  5 liches
  Rupert (D:12)
  An Ice Fiend (Depths:3)
  25 Orb Guardians (Zot:5)
  2 shard shrike skeletons (Crypt:3)
  2 Hell Sentinels
  11 tentacled monstrosities
  Asterion (Spider:2)
  2 deep elf master archers (Elf:3)
  5 titans
  8 quicksilver dragons
  22 acid blobs
  A pandemonium lord (Zig:2)
  Frances (Shoals:1)
  11 ancient champions
  3 tentacled starspawn (Abyss:3)
  7 death cobs
  3 sphinxes
  2 Executioners
  Roxanne (Spider:2)
  3 tengu reavers
  15 rockslimes
  17 storm dragons
  3 revenants
  9 shadow dragons
  4 narguns (Zig:9)
  8 azure jellies
  8 draconian monks
  6 fire giants
  Aizul (Spider:2)
  14 draconian knights
  6 ghost moths
  11 draconian scorchers
  5 iron dragons
  15 vault wardens
  14 draconian stormcallers
  An angel (Depths:2)
  10 draconian shifters
  3 curse skulls (Zig:11)
  3 deep elf sorcerers
  11 frost giants
  3 balrugs
  125 slime creatures
  4 orc warlords
  5 emperor scorpions
  2 cacodemons (Hell)
  2 reapers
  3 deep elf elementalists (Elf:3)
  8 draconian annihilators
  7 war gargoyles
  6 ghouls
  17 quicksilver oozes
  3 caustic shrike skeletons
  10 ironbound thunderhulks
  11 ironbound preservers
  A broodmother (Spider:4)
  45 very ugly things
  2 juggernaut skeletons (Depths:3)
  A demonspawn blood saint (Zig:2)
  16 stone giants
  7 vampire knights
  7 deep elf demonologists
  21 green draconians
  23 black draconians
  A starflower (Abyss:3)
  15 purple draconians
  3 minotaurs
  2 wendigos (Zig:9)
  21 white draconians
  A dire elephant (shapeshifter) (Vaults:5)
  9 deep elf annihilators
  16 yellow draconians
  20 red draconians
  3 spark wasps
  An eidolon (Crypt:1)
  Snorg (D:11)
  9 dire elephants
  6 blizzard demons
  2 crystal guardians (Vaults:3)
  2 merfolk javelineers
  9 jiangshi
  12 deep elf death magi
  A green death (Hell)
  4 merfolk impalers
  An iron golem (Hell)
  10 fire dragons
  6 ettins
  12 yaktaur captains
  8 deep elf high priests
  4 entropy weavers
  2 spriggan zombies
  Erolcha (Orc:1)
  6 rakshasas
  9 great orbs of eyes
  2 hell beasts
  6 ironbound frosthearts
  Fannar (Orc:1)
  4 salamander tyrants
  9 ice dragons
  A quicksilver dragon skeleton (Depths:3)
  7 hydras
  6 ogre magi
  6 peacekeepers
  31 vault guards
  5 spriggan air magi
  2 catoblepae (Zig:14)
  3 alligator snapping turtles
  6 spriggan skeletons (Crypt:3)
  3 jorogumos
  2 radroaches
  6 boulder beetles
  2 merfolk avatars (Shoals:4)
  26 dancing weapons
  Erica (D:9)
  2 merfolk aquamancers
  3 death knights
  15 satyrs
  A satyr (shapeshifter) (Elf:1)
  5 tengu warriors
  5 deep troll shamans
  5 two-headed ogres
  A death scarab (Spider:3)
  12 hell hogs
  16 death yaks
  10 centaur warriors
  7 deep troll earth magi
  10 thrashing horrors
  A shock serpent (Zig:6)
  A quicksilver ooze zombie (Crypt:2)
  5 vampire magi
  6 hell knights
  A naga sharpshooter (Zig:6)
  Nergalle (Orc:2)
  22 deep elf knights
  6 spriggan berserkers
  7 orc high priests
  4 soul eaters
  5 sun demons
  A titan zombie (Depths:3)
  2 spriggans (Depths:3)
  A titan skeleton (Crypt:3)
  4 wretched stars (Abyss:3)
  6 iron trolls
  2 sixfirhies (Hell)
  A fire crab (Gauntlet)
  4 crystal echidnas (Zig:13)
  43 skeletal warriors
  Amaemon (D:10)
  4 shadow wraiths
  A goliath frog (Lair:5)
  4 glowing orange brains
  3 pharaoh ants
  4 sun moths
  A shadow demon (Hell)
  6 flayed ghosts
  A spriggan druid (Zig:14)
  A fire crab (shapeshifter) (Elf:2)
  10 sea snakes
  34 deep trolls
  11 orb spiders
  An obsidian statue (Zot:5)
  A bunyip skeleton (Hell)
  23 harpies
  11 phantasmal warriors
  9 lindwurms
  2 sphinx zombies
  25 deep elf pyromancers
  6 wizards
  3 anaconda skeletons (Crypt:3)
  8 steelbarb worms
  17 deep elf archers
  An iron giant skeleton (Crypt:3)
  14 ironbound convokers
  43 deep elf zephyrmancers
  A jorogumo zombie (Crypt:2)
  8 necromancers
  22 wolf spiders
  5 oklob plants
  15 orc knights
  A frost giant zombie (Vaults:3)
  22 ugly things
  2 tengu skeletons
  A shadow dragon skeleton (Crypt:1)
  A stone giant zombie (Vaults:4)
  A worldbinder (Abyss:4)
  8 shining eyes
  19 fauns
  9 merfolk sirens
  A salamander (Zig:6)
  17 manticores
  11 orc sorcerers
  4 cyclopes
  2 elephants (shapeshifter)
  22 vault sentinels
  A faun (shapeshifter) (Vaults:5)
  A frost giant skeleton (Vaults:3)
  A naga mage (Zig:6)
  5 black mambas
  A moth of wrath (shapeshifter) (Vaults:5)
  29 moths of wrath
  5 elephants
  An apocalypse crab (Abyss:4)
  A stone giant skeleton (Crypt:3)
  7 smoke demons
  2 eyes of devastation
  4 molten gargoyles (Hell)
  14 demonic crawlers
  A rust devil (Depths:4)
  A dire elephant zombie (Hell)
  4 water nymphs
  A gargoyle (D:12)
  A torpor snail (shapeshifter) (Elf:3)
  12 torpor snails
  3 guardian serpents (Zig:6)
  6 centaur skeletons (Crypt:3)
  A yellow draconian zombie (Crypt:3)
  An orange demon (Hell)
  23 cane toads
  30 yaktaurs
  A minotaur zombie (Crypt:2)
  A kobold demonologist (D:11)
  10 hellions
  An unseen horror (D:13)
  3 rime drakes
  10 komodo dragons
  4 dire elephant skeletons
  An ancient zyme (Abyss:4)
  A guardian mummy (Crypt:1)
  A spark wasp simulacrum (Depths:3)
  2 efreet
  A tormentor (Zig:13)
  4 freezing wraiths
  5 tengu conjurers
  3 ice devils
  7 human skeletons
  A queen bee (D:13)
  A minotaur skeleton (Crypt:3)
  7 trolls
  4 tyrant leeches
  20 merfolk
  7 meliai
  3 wind drakes
  3 red devils
  A polar bear (Lair:1)
  27 tarantellas
  3 harpy skeletons
  A sphinx simulacrum (Zig:9)
  9 raiju
  17 blink frogs
  A blink frog (shapeshifter) (Elf:1)
  2 tarantella zombies
  4 hornets
  8 snapping turtles
  A culicivora (shapeshifter) (Elf:1)
  4 air elementals
  An iron dragon simulacrum (Depths:3)
  13 water elementals
  20 jumping spiders
  Sigmund (D:2)
  19 culicivoras
  14 flying skulls
  A ynoxinul (Abyss:4)
  4 wyverns
  6 wraiths
  38 yaks
  2 shadows
  4 fire elementals
  A dire elephant simulacrum (Crypt:1)
  6 fire bats (Gauntlet)
  2 steam dragons
  4 chaos spawn
  6 basilisks
  A black mamba skeleton (Crypt:3)
  9 golden eyes
  2 large abominations
  61 redbacks
  2 neqoxecs
  8 vampire mosquitoes
  A redback simulacrum (D:14)
  A faun zombie (Crypt:1)
  A fire bat zombie (Crypt:3)
  4 wargs
  9 acid dragons
  8 hell hounds
  A glowing shapeshifter skeleton (Depths:3)
  2 naga skeletons (Crypt:3)
  17 water moccasins
  A floating eye (shapeshifter) (Vaults:5)
  5 small abominations
  A swamp drake (D:11)
  38 orc warriors
  3 black bears
  18 wolves
  12 ogres
  3 boggarts
  A snapping turtle skeleton (Crypt:2)
  14 starcursed masses
  10 centaurs
  A phantom (D:5)
  A yaktaur zombie (Crypt:2)
  4 kobold brigands
  15 bullfrogs
  A komodo dragon zombie (Crypt:2)
  A salamander zombie (Crypt:3)
  A fire crab zombie (Crypt:3)
  A glowing shapeshifter simulacrum (Zig:9)
  3 earth elementals
  3 necrophages
  2 gnoll sergeants
  6 wights
  A water moccasin zombie (Crypt:3)
  27 killer bees
  6 electric eels
  7 howler monkeys
  2 crimson imps (Depths:3)
  A human simulacrum (Vaults:4)
  A basilisk zombie (Crypt:3)
  25 orc priests
  Crazy Yiuf (D:7)
  4 gnoll boudas
  2 hounds
  2 human zombies (Crypt:1)
  7 iguanas
  Terence (D:3)
  40 orc wizards
  7 hell rats (Lair:3)
  A deep dwarf zombie (Crypt:2)
  3 mummies (Crypt:1)
  Robin (D:4)
  27 gnolls
  6 adders (D:2)
  2 shadow imps (D:8)
  5 white imps
  2 ufetubi
  A worm (D:3)
  5 dart slugs
  97 orcs
  5 bats
  6 endoplasms
  6 giant cockroaches
  14 goblins
  11 hobgoblins
  18 kobolds
  5 quokkas
  3 training dummies (Orc:1)
  6 ball pythons
  A frilled lizard (D:1)
  A hobgoblin skeleton (Crypt:1)
  A jackal skeleton (Crypt:1)
  A quokka skeleton (Crypt:1)
  6 rats
  A rat skeleton (Crypt:2)
  A creeping inferno (Geh:1)
  4 fire vortices (Geh:1)
  3 starspawn tentacles (Abyss:3)
2763 creatures vanquished.

Vanquished Creatures (collateral kills)
  Nikola (Shoals:1)
  An Executioner (Abyss:4)
  A revenant (Crypt:1)
  A curse skull (Crypt:3)
  3 ghouls (Crypt:1)
  An ironbound thunderhulk (Vaults:4)
  A minotaur (Shoals:1)
  An entropy weaver (Spider:4)
  A jiangshi (Crypt:2)
  A death knight (Crypt:1)
  3 boulder beetles
  2 hell hogs (Hell)
  A skeletal warrior (Crypt:3)
  2 orb spiders
  An orc knight (D:9)
  An ugly thing (Vaults:3)
  A jorogumo skeleton (Crypt:1)
  An orc sorcerer (D:9)
  2 cyclopes
  Joseph (D:7)
  An orange demon (D:10)
  2 freezing wraiths (Crypt:1)
  A kobold demonologist (D:13)
  A tarantella (Spider:2)
  A hornet (D:7)
  2 snapping turtles (Shoals:1)
  An ice dragon zombie (Crypt:1)
  A slime creature (Vaults:2)
  A water elemental (Elf:3)
  A culicivora (Spider:2)
  A basilisk (D:14)
  A wyvern (D:6)
  2 wraiths (Crypt:1)
  A fire elemental (Elf:3)
  A steam dragon (D:8)
  A boggart (D:14)
  An ogre (D:5)
  An orc priest (D:9)
  2 orc wizards
  7 gnolls
  6 orcs
  A river rat zombie (Crypt:1)
  A ball python zombie (Crypt:1)
  7 kobolds (D:11)
72 creatures vanquished.

Vanquished Creatures (others)
  An ancient lich (Zot:5)
  A draconian monk (Zot:3)
  A fire giant (Geh:1)
  A draconian scorcher (Zot:4)
  A balrug (Hell)
  2 draconian stormcallers
  A green draconian (Zot:5)
  Sonja (Lair:4)
  A shadow wraith (Depths:4)
  A sea snake (Shoals:1)
  A harpy (Shoals:4)
  An ugly thing (D:9)
  A deep elf pyromancer (Elf:1)
  A manticore (Shoals:1)
  An elephant (Shoals:1)
  A tengu conjurer (Depths:4)
  2 tarantellas
  A chaos spawn (Depths:4)
  A redback (Spider:3)
  A golden eye (shapeshifter) (Elf:3)
  An orc warrior (D:6)
  An ogre (Zig:8)
  2 boggarts (D:14)
  A crimson imp (Depths:3)
  An orc wizard (D:6)
  A gnoll (D:11)
  3 bushes (Lair:1)
  2 demonic plants (Abyss:3)
  31 fungi
  A lurking horror (Abyss:3)
  182 plants
  5 starspawn tentacles (Abyss:3)
253 creatures vanquished.

Grand Total: 3088 creatures vanquished

Notes
Turn   | Place    | Note
-------+----------+-------------------------------------------
     0 | D:1      | Ijustatesigmund the Barachi Ice Elementalist began the
                  | quest for the Orb.
     0 | D:1      | Reached XP level 1. HP: 13/13 MP: 3/3
   645 | D:1      | Reached skill level 5 in Ice Magic
   842 | D:1      | Reached skill level 1 in Fighting
   842 | D:1      | Reached XP level 2. HP: 20/21 MP: 1/5
  1240 | D:1      | Reached XP level 3. HP: 23/26 MP: 1/7
  1244 | D:1      | Learned a level 3 spell: Frozen Ramparts
  1916 | D:2      | Reached XP level 4. HP: 30/33 MP: 8/8
  2008 | D:2      | Noticed Sigmund
  2025 | D:2      | Killed Sigmund
  2026 | D:2      | Reached XP level 5. HP: 26/42 MP: 0/10
  2026 | D:2      | Reached XP level 6. HP: 29/48 MP: 0/11
  2496 | D:2      | Found a faded altar of an unknown god.
  2529 | D:2      | Gained mutation: You have an increased reservoir of magic.
                  | (+10% MP) [potion of mutation]
  2529 | D:2      | Gained mutation: You occasionally lose the ability to drink
                  | potions when taking damage. [potion of mutation]
  2529 | D:2      | Gained mutation: Your movements are slightly less
                  | encumbered by armour. (ER -2) [potion of mutation]
  2538 | D:2      | Lost mutation: You have an increased reservoir of magic.
                  | (+10% MP) [potion of mutation]
  2538 | D:2      | Lost mutation: You occasionally lose the ability to drink
                  | potions when taking damage. [potion of mutation]
  2538 | D:2      | Lost mutation: Your movements are slightly less encumbered
                  | by armour. (ER -2) [potion of mutation]
  2538 | D:2      | Gained mutation: You are partially covered in iridescent
                  | scales. (AC +2) [potion of mutation]
  2538 | D:2      | Gained mutation: You are frail. (-10% HP) [potion of
                  | mutation]
  2539 | D:2      | Lost mutation: You are frail. (-10% HP) [potion of
                  | mutation]
  2539 | D:2      | Lost mutation: You are partially covered in iridescent
                  | scales. (AC +2) [potion of mutation]
  2539 | D:2      | Gained mutation: You are strong-willed. (Will+) [potion of
                  | mutation]
  2539 | D:2      | Gained mutation: Your body sometimes deteriorates upon
                  | taking damage. [potion of mutation]
  2722 | D:3      | Learned a level 3 spell: Ozocubu's Armour
  2869 | D:3      | Noticed Terence
  2883 | D:3      | Killed Terence
  3191 | D:3      | Learned a level 4 spell: Summon Ice Beast
  3401 | D:4      | Noticed a yak
  3402 | D:4      | Noticed a yak
  3404 | D:4      | Noticed a yak
  3405 | D:4      | Noticed a yak
  3417 | D:4      | Killed a yak
  3418 | D:4      | Reached skill level 1 in Summonings
  3418 | D:4      | Reached XP level 7. HP: 49/55 MP: 5/13
  3424 | D:4      | Killed a yak
  3427 | D:4      | Killed a yak
  3428 | D:4      | Reached skill level 5 in Fighting
  3430 | D:4      | Killed a yak
  3431 | D:4      | Reached skill level 5 in Spellcasting
  3431 | D:4      | Reached XP level 8. HP: 41/63 MP: 4/15
  3829 | D:4      | Noticed Robin
  3846 | D:4      | Killed Robin
  3853 | D:4      | Identified the +8 dagger of Growth {venom, rF+ rC- rN++
                  | Dex-2}
  3864 | D:4      | Reached skill level 1 in Long Blades
  4073 | D:4      | Found a staircase to the Ecumenical Temple.
  4083 | Temple   | Entered the Ecumenical Temple
  4177 | Temple   | Became a worshipper of Cheibriados the Contemplative
  4255 | D:4      | Found an opulent altar of Gozag.
  4539 | D:5      | Entered Level 5 of the Dungeon
  4990 | D:5      | Reached skill level 1 in Invocations
  5662 | D:6      | Reached skill level 5 in Summonings
  5818 | D:6      | Reached XP level 9. HP: 64/69 MP: 14/18
  6289 | D:6      | Found a runed translucent door.
  6586 | D:6      | Reached * piety under Cheibriados
  6612 | D:6      | Reached ** piety under Cheibriados
  6900 | D:7      | Noticed Maggie
  6908 | D:7      | Maggie changed into Maggie the acid dragon
  6908 | D:7      | Noticed Maggie
  6909 | D:7      | Killed Maggie the acid dragon
  6910 | D:7      | Reached skill level 5 in Long Blades
  6910 | D:7      | Reached skill level 1 in Armour
  6916 | D:7      | Found a white marble altar of Elyvilon.
  6916 | D:7      | Found a blossoming altar of Fedhas.
  6918 | D:7      | Found a basalt altar of Yredelemnul.
  6918 | D:7      | Found a glowing golden altar of the Shining One.
  7000 | D:7      | Noticed a hornet
  7018 | D:7      | Killed a hornet
  7029 | D:7      | Reached *** piety under Cheibriados
  7036 | D:7      | Noticed Joseph
  7269 | D:7      | Reached XP level 10. HP: 71/76 MP: 16/21
  7620 | D:7      | Found a runed translucent door.
  7621 | D:7      | Noticed Crazy Yiuf
  7629 | D:7      | Killed Crazy Yiuf
  7715 | D:7      | Noticed a manticore
  7730 | D:7      | Killed a manticore
  8254 | D:7      | Killed Joseph
  8412 | D:8      | Reached **** piety under Cheibriados
  8516 | D:8      | Learned a level 3 spell: Lesser Beckoning
  8743 | D:8      | Found Tethum's Assorted Antiques.
  8744 | D:8      | You fall into a shaft and drop 2 floors!
  8744 | D:10     | Entered Level 10 of the Dungeon
  8964 | D:10     | Reached skill level 1 in Translocations
  9027 | D:10     | Found a flagged portal.
  9040 | D:10     | Reached skill level 5 in Invocations
  9043 | D:10     | Identified the +1 spear of Civosul {speed, MP+9 Str+3}
  9046 | Bailey   | Entered a bailey
  9173 | Bailey   | Reached ***** piety under Cheibriados
  9765 | D:9      | Reached XP level 11. HP: 84/84 MP: 15/23
  9935 | D:9      | Noticed a cyclops
  9935 | D:9      | Noticed a deep elf pyromancer
  9935 | D:9      | Noticed a centaur warrior
  9955 | D:9      | Noticed a tengu warrior
  9965 | D:9      | Killed a tengu warrior
 10481 | D:8      | Lost mutation: Your body sometimes deteriorates upon taking
                  | damage. [potion of mutation]
 10481 | D:8      | Lost mutation: You are strong-willed. (Will+) [potion of
                  | mutation]
 10481 | D:8      | Gained mutation: Your flesh is heat resistant. (rF+)
                  | [potion of mutation]
 10481 | D:8      | Gained mutation: You have sharp toenails. [potion of
                  | mutation]
 10627 | D:8      | Noticed a cyclops
 10633 | D:8      | Noticed a deep elf pyromancer
 10643 | D:8      | Killed a cyclops
 10649 | D:8      | Killed a deep elf pyromancer
 10930 | D:9      | Noticed an orc knight
 10930 | D:9      | Noticed an orc sorcerer
 10933 | D:9      | Reached ****** piety under Cheibriados
 10941 | D:9      | Killed an orc sorcerer
 10945 | D:9      | Killed an orc knight
 10946 | D:9      | Reached skill level 5 in Dodging
 10946 | D:9      | Reached skill level 1 in Evocations
 11280 | D:9      | Noticed a centaur warrior
 11340 | D:9      | Noticed a boulder beetle
 11345 | D:9      | Noticed a cyan ugly thing
 11391 | D:9      | Killed a boulder beetle
 11506 | D:9      | Killed a centaur warrior
 11774 | D:9      | Noticed a boulder beetle
 11805 | D:9      | Killed a boulder beetle
 11806 | D:9      | Reached XP level 12. HP: 45/95 MP: 8/25
 11963 | D:9      | Identified the +3 hand axe of the Original Sin {pain, rN+
                  | MP-9 Str+2 Dex+4}
 11985 | D:9      | Noticed a two-headed ogre
 12002 | D:9      | Killed a two-headed ogre
 12152 | D:9      | Noticed Erica
 12157 | D:9      | Killed Erica
 12169 | D:9      | Learned a level 4 spell: Dispel Undead
 12239 | D:9      | Reached skill level 5 in Armour
 12783 | D:10     | Noticed Amaemon
 12804 | D:10     | Killed Amaemon
 12805 | D:10     | Reached skill level 1 in Necromancy
 13031 | D:10     | Found an iron altar of Okawaru.
 13085 | D:11     | Found a staircase to the Lair.
 13171 | D:12     | Noticed a tengu warrior
 13335 | D:11     | Noticed Snorg
 13352 | D:11     | Killed Snorg
 13732 | D:11     | Noticed a two-headed ogre
 13741 | D:11     | Killed a two-headed ogre
 13802 | D:11     | Found a staircase to the Orcish Mines.
 14033 | D:11     | Reached skill level 10 in Long Blades
 14301 | D:11     | Killed a tengu warrior
 14302 | D:11     | Reached skill level 10 in Fighting
 14578 | D:12     | Noticed Rupert
 14595 | D:12     | Killed Rupert
 14596 | D:12     | Reached skill level 1 in Shields
 14596 | D:12     | Reached skill level 5 in Evocations
 14651 | D:12     | Noticed a two-headed ogre
 14656 | D:12     | Killed a two-headed ogre
 14657 | D:12     | Gained mutation: You can hop long distances. [Barachi
                  | growth]
 14657 | D:12     | Reached XP level 13. HP: 44/103 MP: 16/26
 15941 | D:13     | Found a gate to the Vaults.
 17518 | Lair:1   | Entered Level 1 of the Lair of Beasts
 17754 | Lair:1   | Reached skill level 5 in Necromancy
 19161 | Lair:2   | Found a hole to the Spider Nest.
 19367 | Lair:2   | Reached XP level 14. HP: 86/114 MP: 27/27
 19488 | D:8      | Bought a bloodstained chain mail for 275 gold pieces
 19488 | D:8      | Identified the +8 chain mail of Ypluecepn {rElec Will++}
                  | (You bought it in a shop on level 8 of the Dungeon)
 19844 | Lair:2   | Found a staircase to the Shoals.
 20510 | Lair:3   | Found a runed translucent door.
 21298 | Lair:4   | You fall into a shaft and drop 1 floor!
 21298 | Lair:5   | Entered Level 5 of the Lair of Beasts
 21298 | Lair:5   | Found a staircase to the Slime Pits.
 21298 | Lair:5   | Found a viscous altar of Jiyva.
 21449 | Lair:5   | Found a gate leading to a gauntlet.
 21460 | Gauntlet | Entered a Gauntlet
 21460 | Gauntlet | Found a large runed translucent door.
 21460 | Gauntlet | Found a large runed translucent door.
 21460 | Gauntlet | Found a large runed translucent door.
 21460 | Gauntlet | Found a large runed translucent door.
 21460 | Gauntlet | Found a runed translucent door.
 21460 | Gauntlet | Found a runed translucent door.
 21460 | Gauntlet | Found a large runed translucent door.
 21460 | Gauntlet | Found a large runed translucent door.
 21460 | Gauntlet | Found a transporter.
 21460 | Gauntlet | Found a transporter.
 21460 | Gauntlet | Found a large runed translucent door.
 21460 | Gauntlet | Found a large runed translucent door.
 21460 | Gauntlet | Found a runed translucent gate.
 21460 | Gauntlet | Found a runed translucent gate.
 21460 | Gauntlet | Found a runed translucent gate.
 21460 | Gauntlet | Found a transporter.
 21705 | Gauntlet | Found a transporter.
 21707 | Gauntlet | Found a transporter.
 21746 | Gauntlet | Found the ring of the Octopus King
 21747 | Gauntlet | Identified the +0 pair of boots of Amorality {+Blink rC+
                  | Str+2}
 21787 | Gauntlet | Found a transporter.
 21810 | Gauntlet | Reached skill level 10 in Armour
 21873 | Gauntlet | Identified a ring of the Octopus King {HP+2 AC+2 EV+2 SH+2
                  | SInv}
 21899 | Gauntlet | Identified the ring "Cyt Yjei" {rPois rCorr}
 21899 | Gauntlet | Found a transporter.
 23858 | Lair:5   | Reached skill level 10 in Invocations
 23863 | Lair:5   | Reached XP level 15. HP: 87/120 MP: 26/28
 24597 | Lair:4   | Noticed Sonja
 24606 | Lair:4   | Killed Sonja
 25168 | Lair:4   | Reached XP level 16. HP: 129/129 MP: 29/29
 25854 | Orc:1    | Entered Level 1 of the Orcish Mines
 25862 | Orc:1    | Noticed Fannar
 25873 | Orc:1    | Killed Fannar
 25956 | Orc:1    | Noticed Erolcha
 25965 | Orc:1    | Killed Erolcha
 26105 | Orc:1    | Found Kulik's Firing Range.
 26221 | Orc:2    | Entered Level 2 of the Orcish Mines
 26221 | Orc:2    | Noticed Donald
 27139 | Orc:2    | Found Sipov's Magic Scroll Emporium.
 27146 | Orc:2    | Bought a scroll of enchant armour for 82 gold pieces
 27146 | Orc:2    | Bought a scroll of enchant weapon for 82 gold pieces
 27154 | Orc:2    | Learned a level 4 spell: Passage of Golubria
 27167 | Orc:2    | Found a radiant altar of Vehumet.
 27225 | Orc:2    | Noticed Nergalle
 27243 | Orc:2    | Killed Nergalle
 27284 | Orc:2    | Found an ancient bone altar of Kikubaaqudgha.
 27301 | Orc:2    | Found Kijob's Antique Weapon Shoppe.
 27338 | Orc:2    | Found Juyv Doi's Jewellery Emporium.
 27338 | Orc:2    | Found Ruitull's Antique Armour Shoppe.
 27426 | Orc:2    | Bought an ancient helmet for 275 gold pieces
 27426 | Orc:2    | Identified the +0 helmet of Alijey {rC- Str+5} (You bought
                  | it in a shop on level 2 of the Orcish Mines)
 27429 | Orc:2    | Bought a fine chain mail for 275 gold pieces
 27429 | Orc:2    | Identified the +6 chain mail of Ehitzynt {Dex+5} (You
                  | bought it in a shop on level 2 of the Orcish Mines)
 28195 | D:14     | Found a hazy altar of Hepliaklqana.
 28360 | D:15     | Entered Level 15 of the Dungeon
 28454 | D:15     | Learned a level 5 spell: Borgnjor's Vile Clutch
 28575 | D:15     | Reached skill level 1 in Earth Magic
 29192 | D:15     | Identified the +2 ring mail of Pride {Str-4 Int+4}
 29213 | D:15     | Identified the +0 robe "Zuirug" {Harm Int+2}
 29217 | D:15     | Found a staircase to the Depths.
 29847 | Spider:1 | Entered Level 1 of the Spider Nest
 30987 | Spider:2 | Identified Roxanne's Parchment of Quicksand
 30987 | Spider:2 | Noticed Roxanne
 31246 | Spider:2 | Reached XP level 17. HP: 112/138 MP: 25/30
 31363 | Spider:2 | Paralysed by a jorogumo for 2 turns
 31756 | Spider:2 | Reached skill level 5 in Earth Magic
 31878 | Spider:2 | Noticed Asterion
 31893 | Spider:2 | Noticed an Executioner
 31894 | Spider:2 | Killed Asterion
 31905 | Spider:2 | Noticed Aizul
 31922 | Spider:2 | Killed Aizul
 32241 | Spider:2 | Identified the +7 flail of Giuwaap {heavy, rElec Will+
                  | Str-2 Dex+3}
 32685 | Spider:2 | Killed Roxanne
 34133 | Spider:4 | Entered Level 4 of the Spider Nest
 36485 | Spider:4 | Reached XP level 18. HP: 137/147 MP: 31/31
 37284 | Spider:4 | Found the +2 hat of the Bear Spirit {Spirit, *Rage Will++}
 37292 | Spider:4 | Identified 3 scrolls of acquirement
 37417 | Spider:4 | Got a gossamer rune of Zot
 37787 | Lair:2   | Acquired the +2 buckler of Hysteria {Will++ Dex+9}
 37837 | Lair:1   | Acquired 318 gold pieces
 37838 | Lair:1   | Acquired 1031 gold pieces
 37916 | Vaults:1 | Entered Level 1 of the Vaults
 38310 | Vaults:1 | Reached skill level 15 in Long Blades
 39021 | Vaults:1 | Reached skill level 15 in Invocations
 39258 | Vaults:1 | Identified the +4 scale mail "Mafot" {rF- Str+6 Dex+6}
 40218 | Vaults:2 | Reached XP level 19. HP: 153/153 MP: 32/32
 42035 | Vaults:2 | Found Biup's General Store.
 42041 | Vaults:2 | Bought a scroll of blinking for 142 gold pieces
 42652 | Vaults:3 | Found a magical portal.
 42661 | WizLab   | Entered Cigotuvi's Fleshworks
 42782 | WizLab   | Gained mutation: Potions are less effective at restoring
                  | your health. [mutagenic glow]
 42840 | Vaults:3 | Lost mutation: Your flesh is heat resistant. (rF+) [potion
                  | of mutation]
 42840 | Vaults:3 | Lost mutation: Potions are less effective at restoring your
                  | health. [potion of mutation]
 42840 | Vaults:3 | Gained mutation: You possess an exceptional clarity of
                  | mind. [potion of mutation]
 42840 | Vaults:3 | Gained mutation: You are occasionally teleported next to
                  | monsters. [potion of mutation]
 42840 | Vaults:3 | Gained mutation: Your skin changes colour to match your
                  | surroundings (Stealth+). [potion of mutation]
 42841 | Vaults:3 | Lost mutation: You have sharp toenails. [potion of
                  | mutation]
 42841 | Vaults:3 | Lost mutation: Your skin changes colour to match your
                  | surroundings (Stealth+). [potion of mutation]
 42841 | Vaults:3 | Gained mutation: You have a pair of small horns on your
                  | head. [potion of mutation]
 42841 | Vaults:3 | Gained mutation: You are clumsy. (Dex -2) [potion of
                  | mutation]
 42842 | Vaults:3 | Lost mutation: You are occasionally teleported next to
                  | monsters. [potion of mutation]
 42842 | Vaults:3 | Lost mutation: You are clumsy. (Dex -2) [potion of
                  | mutation]
 42842 | Vaults:3 | Gained mutation: You are weak. (Str -2) [potion of
                  | mutation]
 42842 | Vaults:3 | Gained mutation: You have an increased reservoir of magic.
                  | (+10% MP) [potion of mutation]
 43896 | Vaults:3 | Reached skill level 15 in Fighting
 44236 | Vaults:3 | Found Poitrauk's Magic Scroll Shoppe.
 44245 | Vaults:3 | Bought a scroll of summoning for 161 gold pieces
 44245 | Vaults:3 | Bought a scroll of teleportation for 51 gold pieces
 44245 | Vaults:3 | Bought a scroll of teleportation for 51 gold pieces
 44245 | Vaults:3 | Bought a scroll of enchant weapon for 127 gold pieces
 44271 | Vaults:3 | Learned a level 2 spell: Blink
 44271 | Vaults:3 | Upgraded the game from 0.30-a0-627-gc11e7ae810 to
                  | 0.30-a0-630-g881e3bac89
 44504 | Vaults:3 | Reached skill level 10 in Spellcasting
 45447 | D:13     | Acquired a +1 demon blade of draining
 45585 | Shoals:1 | Entered Level 1 of the Shoals
 45612 | Shoals:1 | Noticed Jorgrun
 45618 | Shoals:1 | Killed Jorgrun
 45793 | Shoals:1 | Noticed Nikola
 45895 | Shoals:1 | Killed Nikola
 45896 | Shoals:1 | Reached XP level 20. HP: 89/164 MP: 13/38
 46096 | Shoals:1 | Learned a level 2 spell: Passwall
 46120 | Shoals:1 | Found a hide-covered altar of Uskayaw.
 46391 | Shoals:1 | Noticed Frances
 46414 | Shoals:1 | Killed Frances
 46753 | Shoals:1 | Reached skill level 5 in Shields
 47020 | Shoals:2 | You fall into a shaft and drop 1 floor!
 47258 | Shoals:2 | Identified the +6 short sword "Newtbane" {drain, rF+ Will+
                  | Dex+2}
 47876 | Shoals:3 | Found a runed translucent door.
 47876 | Shoals:3 | Noticed Rrauwl's ghost (veteran FoFi)
 47925 | Shoals:3 | Reached skill level 5 in Stealth
 48524 | Shoals:3 | Killed Rrauwl's ghost
 48536 | Shoals:3 | Acquired the ring "Omer" {rF+ EV+5}
 48563 | Shoals:4 | Entered Level 4 of the Shoals
 49062 | Shoals:4 | Got Practical Gnosis
 49232 | Shoals:4 | Got Otsaptul's Meditations on Topology
 49451 | Shoals:4 | Got a barnacled rune of Zot
 50037 | Orc:2    | Found a staircase to the Elven Halls.
 50310 | Elf:1    | Entered Level 1 of the Elven Halls
 50467 | Elf:1    | Reached skill level 10 in Shields
 50481 | Elf:1    | Reached XP level 21. HP: 138/172 MP: 31/39
 51655 | Elf:2    | Paralysed by an air elemental for 1 turns
 52009 | Elf:2    | Found a runed translucent gate.
 52011 | Elf:2    | Found a runed translucent gate.
 52017 | Elf:2    | Found a runed translucent gate.
 52224 | Elf:2    | Reached skill level 10 in Ice Magic
 52896 | Elf:2    | Found an ancient bone altar of Kikubaaqudgha.
 53078 | Elf:3    | Entered Level 3 of the Elven Halls
 53079 | Elf:3    | Upgraded the game from 0.30-a0-630-g881e3bac89 to
                  | 0.30-a0-634-g8abc85282e
 53084 | Elf:3    | Paralysed by an air elemental for 1 turns
 53428 | Elf:3    | Paralysed by an air elemental for 1 turns
 53654 | Elf:3    | Reached skill level 10 in Dodging
 53976 | Elf:3    | Noticed Zenata
 53996 | Elf:3    | Killed Zenata
 55294 | Elf:3    | Identified the amulet "Nipnou Liwi" {RegenMP rC+}
 55300 | Elf:3    | Identified the +6 shortbow "Hoff" {drain, rN++ rCorr}
 55520 | Elf:3    | Reached XP level 22. HP: 180/185 MP: 31/40
 55800 | Elf:3    | Identified the +2 pair of boots of Dogmatism {rC+ rN+ Will+
                  | Int+2}
 55916 | Elf:3    | Identified the +1 pair of boots of the Raven {Str+3}
 55920 | Elf:3    | Got the Lessons on Peregrination
 55923 | Elf:3    | Got the Textbook on Viridian Ill Luck
 56312 | Vaults:3 | Found a staircase to the Crypt.
 58111 | Vaults:4 | Reached skill level 15 in Armour
 58800 | Vaults:5 | Entered Level 5 of the Vaults
 58992 | Depths:1 | Entered Level 1 of the Depths
 59668 | D:15     | Reached skill level 10 in Summonings
 60104 | Depths:1 | Identified the +7 ring mail of Privacy {rPois Str+2 Int+4}
 61258 | Depths:1 | Found a gateway to Hell.
 61701 | Depths:2 | Reached skill level 10 in Evocations
 61884 | Depths:2 | Reached XP level 23. HP: 192/196 MP: 36/41
 62465 | Depths:2 | Found a one-way gate to the infinite horrors of the Abyss.
 62873 | Depths:2 | Found a one-way gate leading to the halls of Pandemonium.
 62984 | Depths:3 | Learned a level 5 spell: Summon Forest
 63468 | Depths:3 | Found a one-way gateway to a ziggurat.
 63729 | Depths:3 | Reached skill level 5 in Translocations
 64193 | Depths:3 | Identified the +4 quarterstaff of Peavuq {speed, rF+ Str+6
                  | Int-4}
 64193 | Depths:3 | Identified the ring of Finality {Ice Str-2 Dex+7}
 64327 | Depths:3 | Noticed a caustic shrike
 64343 | Depths:3 | Killed a caustic shrike
 65081 | Depths:3 | Identified the +11 whip of Due Proportion {antimagic, rN+
                  | Will++ rCorr Str-2}
 65741 | Vaults:4 | Reached skill level 15 in Summonings
 66758 | Vaults:5 | Reached XP level 24. HP: 203/203 MP: 38/41
 66846 | Vaults:5 | Identified the +4 long sword of the Endless Portals {vamp,
                  | rElec rPois Str+3 Int-3}
 67025 | Vaults:5 | Found Pomamm's Antique Weapon Emporium.
 67048 | Vaults:5 | Bought a twisted scimitar for 207 gold pieces
 67048 | Vaults:5 | Identified the +3 scimitar of Intuition {freeze, Dex+5}
                  | (You bought it in a shop on level 5 of the Vaults)
 67213 | Vaults:5 | Identified the amulet of Wamnux {Faith -Cast +Blink rElec
                  | rPois}
 67320 | Vaults:5 | Identified the +7 arbalest of Linoam {penet, rF+}
 67320 | Vaults:5 | Identified the ring "Rorizieck" {rElec rPois AC+4 Str-5
                  | Dex+5}
 67357 | Vaults:5 | Got the Directory of the Bonfire and the Squall
 67384 | Vaults:5 | Identified the +6 spear of Saweog {drain, rElec}
 67883 | Vaults:5 | Identified the +8 whip "Fuycvill" {elec, rN+ Stlth+}
 68305 | Vaults:5 | Identified the +1 trident of Sulphur {venom, rN+}
 68308 | Vaults:5 | Got the Folio of Bewitchment and Cold
 68466 | Vaults:5 | Identified the ring "Bethrejod" {Fire Str+2 Dex+6}
 68680 | Vaults:5 | Identified the amulet "Cilino" {Will+ Regen+ Int+2}
 68746 | Vaults:5 | Got a silver rune of Zot
 69160 | Depths:4 | Entered Level 4 of the Depths
 69300 | Depths:4 | Identified the +2 longbow of Vobbuus {flame, rCorr Str+3
                  | Dex-2}
 69536 | Depths:4 | Found Lonla's Neck Hole.
 70265 | Depths:4 | Found a gate to the Realm of Zot.
 70275 | Zot:1    | Entered Level 1 of the Realm of Zot
 70332 | Depths:4 | HP: 10/210 [poisoned by a green draconian (poison gas)]
 70337 | Depths:4 | HP: 8/210 [poisoned by a green draconian (poison gas)]
 70342 | Depths:4 | HP: 8/210 [poisoned by a green draconian (poison gas)]
 71556 | Zot:1    | Learned a level 7 spell: Ozocubu's Refrigeration
 71648 | Zot:1    | Reached XP level 25. HP: 105/214 MP: 19/43
 72841 | Zot:1    | Noticed a shard shrike
 72841 | Zot:1    | Noticed Ubodu's ghost (legendary MiFi)
 73133 | Zot:1    | Noticed a shard shrike
 73137 | Zot:1    | Found a transporter.
 73143 | Zot:1    | Noticed a shard shrike
 73152 | Zot:1    | Found a transporter.
 73153 | Zot:1    | Noticed a shard shrike
 74017 | Zot:2    | Found a transporter.
 74296 | Zot:2    | Found a transporter.
 74298 | Zot:2    | Noticed Donuwkat's ghost (veteran DsBe)
 74298 | Zot:2    | Noticed a dread lich
 74328 | Zot:2    | Reached skill level 15 in Ice Magic
 76407 | Zot:3    | Found the +4 dragonskin cloak
 76407 | Zot:3    | Noticed Tiamat
 76451 | Zot:3    | Killed Tiamat
 77072 | Zot:3    | Noticed an orb of fire
 77090 | Zot:3    | Killed an orb of fire
 77093 | Zot:3    | Reached XP level 26. HP: 168/222 MP: 21/43
 77763 | Zot:3    | Found a transporter.
 77846 | Zot:3    | Found a transporter.
 77848 | Zot:3    | Found a transporter.
 77957 | Zot:3    | Found a transporter.
 80057 | Zot:5    | Entered Level 5 of the Realm of Zot
 82029 | Hell     | Entered the Vestibule of Hell
 82029 | Hell     | Noticed Geryon
 82337 | Hell     | Killed Geryon
 83028 | Hell     | Found a gateway to the ashen valley of Gehenna.
 83040 | Geh:1    | Entered Level 1 of Gehenna
 83064 | Geh:1    | Reached XP level 27. HP: 73/228 MP: 15/43
 83839 | Crypt:1  | Entered Level 1 of the Crypt
 83843 | Crypt:1  | Noticed Saint Roka
 83887 | Crypt:1  | Killed Saint Roka
 84406 | Crypt:1  | Noticed Bai Suzhen
 84439 | Crypt:1  | Killed Bai Suzhen
 84474 | Crypt:1  | Learned a level 6 spell: Statue Form
 84501 | Crypt:1  | Reached skill level 1 in Transmutations
 85267 | Crypt:1  | Noticed Vv
 85302 | Crypt:1  | Killed Vv
 85680 | Crypt:3  | Entered Level 3 of the Crypt
 86308 | Crypt:2  | Reached skill level 5 in Transmutations
 87189 | Crypt:1  | Found an ancient bone altar of Kikubaaqudgha.
 87331 | Crypt:3  | Reached skill level 1 in Short Blades
 87765 | Crypt:3  | Noticed an ancient lich
 88003 | Crypt:3  | Reached skill level 10 in Earth Magic
 88851 | Crypt:3  | Found a staircase to the Tomb.
 89635 | Crypt:3  | Found an ancient bone altar of Kikubaaqudgha.
 89676 | Crypt:3  | Identified the +1 leather armour of Shadows and Fog {Dex+4}
 90073 | Crypt:3  | Reached skill level 10 in Transmutations
 90092 | Crypt:3  | Killed an ancient lich
 90353 | Crypt:3  | Identified the +0 cloak of the Good {rElec rF++ Int-2 SInv}
 90533 | Crypt:3  | Got the Annotations on Cadavers
 91071 | Zot:1    | Killed Ubodu's ghost
 91297 | Zot:1    | Identified the ring "Uteqoo" {Str+4 Int+6}
 91309 | Zot:1    | Identified the amulet of Daggi {RegenMP rPois}
 91470 | Zot:5    | Noticed an ancient lich
 91474 | Zot:5    | Noticed a dread lich
 91475 | Zot:5    | Noticed an ancient lich
 91483 | Zot:5    | Killed an ancient lich
 91486 | Zot:5    | Killed an ancient lich
 91488 | Zot:5    | Killed a dread lich
 91611 | Zot:5    | Reached skill level 15 in Transmutations
 91633 | Zot:5    | Noticed an orb of fire
 91636 | Zot:5    | Lost mutation: You possess an exceptional clarity of mind.
                  | [an orb of fire]
 91640 | Zot:5    | Gained mutation: You are dopey. (Int -2) [an orb of fire]
 91643 | Zot:5    | Gained mutation: You are agile. (Dex +4, Str/Int -1) [an
                  | orb of fire]
 91646 | Zot:5    | Killed an orb of fire
 91788 | Zot:5    | Noticed an orb of fire
 91798 | Zot:5    | Gained mutation: Your flesh is cold resistant. (rC+) [an
                  | orb of fire]
 91799 | Zot:5    | Killed an orb of fire
 91942 | Zot:5    | Noticed an orb of fire
 91946 | Zot:5    | Gained mutation: Your body sometimes deteriorates upon
                  | taking damage. [an orb of fire]
 91951 | Zot:5    | Gained mutation: Armour fits poorly on your strangely
                  | shaped body. [an orb of fire]
 91951 | Zot:5    | Gained mutation: You are very weak. (Str -4) [an orb of
                  | fire]
 91952 | Zot:5    | Killed an orb of fire
 93281 | Zot:5    | Noticed an orb of fire
 93284 | Zot:5    | Noticed an orb of fire
 93288 | Zot:5    | Noticed an ancient lich
 93307 | Zot:5    | Killed an ancient lich
 93313 | Zot:5    | Killed an orb of fire
 93549 | Zot:5    | Killed an orb of fire
 93551 | Zot:5    | a Killer Klown changed into a juggernaut
 93551 | Zot:5    | Noticed a juggernaut
 93559 | Zot:5    | Killed a juggernaut
 93584 | Zot:5    | Noticed an orb of fire
 93594 | Zot:5    | Gained mutation: Your spells are a little easier to cast,
                  | but a little less powerful. [an orb of fire]
 93597 | Zot:5    | Gained mutation: You are frail. (-10% HP) [an orb of fire]
 93600 | Zot:5    | Gained mutation: You occasionally lose the ability to drink
                  | potions when taking damage. [an orb of fire]
 93602 | Zot:5    | Killed an orb of fire
 93775 | Zot:5    | Reached skill level 15 in Spellcasting
 94060 | Zot:5    | Noticed an orb of fire
 94065 | Zot:5    | Gained mutation: You are very frail. (-20% HP) [an orb of
                  | fire]
 94074 | Zot:5    | Killed an orb of fire
 94900 | Slime:1  | Entered Level 1 of the Pits of Slime
 95663 | Slime:1  | Gained mutation: You are vulnerable to heat. (rF-) [a
                  | shining eye]
 96562 | Slime:5  | Entered Level 5 of the Pits of Slime
 97391 | Slime:4  | Reached skill level 10 in Stealth
 97599 | Slime:4  | Gained mutation: You are extremely frail. (-30% HP) [a
                  | shining eye]
 98748 | Slime:5  | Noticed the Royal Jelly
 99051 | Slime:5  | Killed the Royal Jelly
100086 | Slime:5  | Gained mutation: You are occasionally teleported next to
                  | monsters. [a shining eye]
100086 | Slime:5  | Lost mutation: You have an increased reservoir of magic.
                  | (+10% MP) [a shining eye]
100090 | Slime:5  | Gained mutation: You occasionally shout uncontrollably at
                  | your foes. [a shining eye]
100322 | Slime:5  | Identified the ring "Weguuxaco" {Fly rC+ Int+6}
100353 | Slime:5  | Got a slimy rune of Zot
100375 | Slime:5  | Identified the ring of Tender Moments {rElec rCorr AC+4
                  | Int+4 Stlth+}
100477 | Lair:5   | Lost mutation: You have a pair of small horns on your head.
                  | [potion of mutation]
100477 | Lair:5   | Lost mutation: You are agile. (Dex +4, Str/Int -1) [potion
                  | of mutation]
100477 | Lair:5   | Gained mutation: Your spells are easier to cast, but less
                  | powerful. [potion of mutation]
100478 | Lair:5   | Lost mutation: You are extremely frail. (-30% HP) [potion
                  | of mutation]
100478 | Lair:5   | Lost mutation: You are occasionally teleported next to
                  | monsters. [potion of mutation]
100478 | Lair:5   | Lost mutation: Armour fits poorly on your strangely shaped
                  | body. [potion of mutation]
100478 | Lair:5   | Lost mutation: You are dopey. (Int -2) [potion of mutation]
100479 | Lair:5   | Lost mutation: You are very frail. (-20% HP) [potion of
                  | mutation]
100479 | Lair:5   | Lost mutation: You occasionally lose the ability to drink
                  | potions when taking damage. [potion of mutation]
100479 | Lair:5   | Gained mutation: You occasionally lose the ability to drink
                  | potions when taking damage. [potion of mutation]
100479 | Lair:5   | Lost mutation: Your spells are easier to cast, but less
                  | powerful. [potion of mutation]
100479 | Lair:5   | Gained mutation: You are strong-willed. (Will+) [potion of
                  | mutation]
100480 | Lair:5   | Lost mutation: You are vulnerable to heat. (rF-) [potion of
                  | mutation]
100480 | Lair:5   | Lost mutation: Your flesh is cold resistant. (rC+) [potion
                  | of mutation]
100480 | Lair:5   | Lost mutation: You are strong-willed. (Will+) [potion of
                  | mutation]
100481 | Lair:5   | Lost mutation: You occasionally shout uncontrollably at
                  | your foes. [potion of mutation]
100481 | Lair:5   | Lost mutation: You are very weak. (Str -4) [potion of
                  | mutation]
100481 | Lair:5   | Lost mutation: You occasionally lose the ability to drink
                  | potions when taking damage. [potion of mutation]
100481 | Lair:5   | Gained mutation: Your flesh is cold resistant. (rC+)
                  | [potion of mutation]
100482 | Lair:5   | Lost mutation: You are weak. (Str -2) [potion of mutation]
100482 | Lair:5   | Lost mutation: Your body sometimes deteriorates upon taking
                  | damage. [potion of mutation]
100482 | Lair:5   | Gained mutation: Your mind is acute. (Int +4, Str/Dex -1)
                  | [potion of mutation]
100482 | Lair:5   | Gained mutation: You possess an exceptional clarity of
                  | mind. [potion of mutation]
100916 | Elf:3    | Learned a level 8 spell: Necromutation
101249 | Depths:2 | Voluntarily entered the Abyss.
101305 | Abyss:3  | Found a corrupted altar of Lugonu.
101640 | Abyss:3  | Found a corrupted altar of Lugonu.
101688 | Abyss:3  | Found a corrupted altar of Lugonu.
101765 | Abyss:3  | Paralysed by accursed screaming for 1 turns
101774 | Abyss:3  | Got an abyssal rune of Zot
102053 | Depths:2 | Escaped the Abyss
102116 | Zig:1    | Entered Level 1 of a ziggurat
102240 | Zig:2    | Entered Level 2 of a ziggurat
102240 | Zig:2    | Noticed Akuosil the pandemonium lord
102255 | Zig:2    | Killed Akuosil the pandemonium lord
102315 | Zig:3    | Entered Level 3 of a ziggurat
102315 | Zig:3    | Noticed a juggernaut
102329 | Zig:3    | Killed a juggernaut
102531 | Zig:4    | Entered Level 4 of a ziggurat
102571 | Zig:4    | Identified the +0 robe of Baldness {Harm rPois Str-4 Int+4}
102654 | Zig:5    | Entered Level 5 of a ziggurat
102658 | Zig:5    | Found the +8 mithril axe "Arga" {speed, Will+}
102754 | Zig:6    | Entered Level 6 of a ziggurat
102882 | Zig:7    | Entered Level 7 of a ziggurat
102891 | Zig:7    | Gained mutation: You are agile. (Dex +4, Str/Int -1) [a
                  | shining eye]
102977 | Zig:7    | Identified the +4 flail of Vaqiut {heavy, rElec rF+}
102981 | Zig:7    | Got Ysorua's Catalogue of Percussion
102992 | Zig:8    | Entered Level 8 of a ziggurat
103000 | Zig:8    | Noticed a juggernaut
103001 | Zig:8    | Found the +8 longbow "Zephyr" {speed, Dex+3 SInv}
103023 | Zig:8    | Killed a juggernaut
103207 | Zig:8    | Reached skill level 10 in Necromancy
103210 | Zig:8    | Identified the +6 morningstar "Emixo" {drain, rC- rN+
                  | Int+3}
103217 | Zig:8    | Identified the +4 scale mail "Wunaoloq" {rElec rC- Int+5}
103219 | Zig:8    | Got Nirhen's Lectures on Dynamic Gusts
103228 | Zig:9    | Entered Level 9 of a ziggurat
103246 | Zig:9    | Paralysed by a wendigo for 1 turns
103289 | Zig:9    | Identified the ring of Axyinn Ytobb {rC+ rCorr Dex+2}
103291 | Zig:9    | Identified the ring "Iwiddioh" {Str+6 Dex+7}
103293 | Zig:9    | Identified the ring "Sehib" {rF+ Int+7}
103473 | Zig:10   | Entered Level 10 of a ziggurat
103485 | Zig:10   | Noticed a juggernaut
103486 | Zig:10   | Noticed a juggernaut
103486 | Zig:10   | Noticed a juggernaut
103495 | Zig:10   | Killed a juggernaut
103500 | Zig:10   | Killed a juggernaut
103505 | Zig:10   | Killed a juggernaut
103540 | Zig:10   | Identified the ring "Hodit" {rPois rC++ rN+ Str+3 Int+2}
103601 | Zig:11   | Entered Level 11 of a ziggurat
103621 | Zig:11   | Noticed a dread lich
103623 | Zig:11   | Noticed a dread lich
103634 | Zig:11   | Noticed a dread lich
103637 | Zig:11   | Killed a dread lich
103644 | Zig:11   | Killed a dread lich
103828 | Zig:11   | Identified the +8 short sword of the Holding Gods {freeze,
                  | rPois rN+ Int+3}
103837 | Zig:12   | Entered Level 12 of a ziggurat
103852 | Zig:12   | Noticed Dedouqur the pandemonium lord
103862 | Abyss:4  | Cast into level 4 of the Abyss (Dedouqur)
104009 | Abyss:4  | Gained mutation: You occasionally lose the ability to drink
                  | potions when taking damage. [a neqoxec]
104058 | Zig:12   | Escaped the Abyss
104070 | Zig:13   | Entered Level 13 of a ziggurat
104402 | Zig:14   | Entered Level 14 of a ziggurat
104766 | Zig:14   | HP: 10/269 [hellephant/blast of flame (49)]
104769 | Zig:14   | Killed from afar by a hellephant

Illustrated notes

Levels and vault maps discovered:
D:1:      dpeg_arrival_castle, layout_rooms,
          nicolae_concentric_dashed_squares_mild, chequers_serial_rivers_micro_a
D:2:      layout_basic, dreamdust_ecumenical_altar_statues, st_stairs_10,
          chequers_serial_rivers_micro_d, uniq_sigmund
D:3:      layout_loops_ring, chequers_garden, uniq_terence
D:4:      layout_loops_ring, general_overflow_altar, minmay_temple_entry_wispy,
          uniq_robin
D:5:      layout_basic
D:6:      layout_basic, grunt_decor_junction, lightli_church_of_beogh
D:7:      hangedman_cross_stitches, layout_rooms,
          chequers_temple_overflow_statue_of_worship, st_stairs_6, uniq_maggie,
          uniq_crazy_yiuf_cottage, uniq_joseph
D:8:      layout_loops_ring, serial_shops, nicolae_diamond_shop,
          dreamdust_mushroom_princess, minmay_pinched_square
D:9:      minmay_the_grid_3x2 [minmay_the_grid_minigrid_large,
          minmay_the_grid_armoury, minmay_the_grid_fan,
          minmay_the_grid_outer_circle, minmay_the_grid_garden,
          minmay_the_grid_prize_shrinking_boxes], layout_irregular_city,
          onia_ninara_dug_in_and_dangerous, uniq_erica
D:10:     layout_loops_ring, mainiacjoe_overflow_24_doors, enter_bailey_2,
          uniq_amaemon
D:11:     layout_big_octagon, erik_lair_orcish_takeover, erik_orc_1, serial_ice,
          serial_ice_f, serial_ice_d, serial_ice_a, serial_ice_m,
          portal_ice_cave_demonic_guard, uniq_snorg
D:12:     layout_irregular_city, lemuel_flame_loot_1, uniq_rupert
D:13:     layout_long_grid, erik_vaults_1, special_room [special_room_bee]
D:14:     layout_irregular_city, nicolae_hepliaklqana_hippocampus,
          dk_noncrumbling_4
D:15:     grunt_enter_depths_hoard, layout_irregular_city, glass_columns_c
Temple:   nicolae_temple_superstar
Lair:1:   layout_long_grid, nicolae_lair_grazing_beasts
          [nicolae_sub_lair_graze_edge, nicolae_sub_lair_graze_edge,
          nicolae_sub_lair_graze_edge, nicolae_sub_lair_graze_edge],
          grunt_megastairs_1, serial_bayou_shore_a, lemuel_fruit_fields
Lair:2:   layout_chaotic_city, minmay_shoals_entry_centaurs, dummy_spider_entry
Lair:3:   layout_cave_pods, minmay_stone_trees_medium, pf_torpor_hydra,
          infiniplex_staircase_pool
Lair:4:   layout_regular_city, serial_bayou_crossing, lemuel_fruit_fields,
          uniq_sonja
Lair:5:   minmay_lair_end_frog_pond, layout_small_grid,
          minmay_slime_entry_oklob_open, gauntlet_entry_generic,
          serial_bayou_shore_b, lemuel_fruit_fields
Shoals:1: layout_shoals, regret_index_shoals_crete, uniq_jorgrun, uniq_frances,
          uniq_nikola
Shoals:2: layout_shoals
Shoals:3: layout_shoals, hellmonk_ghost_happy_afterlife
Shoals:4: shoals_end_hellmonk_lost_city
Spider:1: layout_spider_delve
Spider:2: layout_spider_delve, uniq_aizul, uniq_roxanne, uniq_asterion
Spider:3: layout_spider_delve
Spider:4: guppyfry_spider_rune
Slime:1:  layout_caves
Slime:2:  layout_caves
Slime:3:  layout_caves
Slime:4:  layout_caves, nicolae_slime_round_cave
Slime:5
Orc:1:    layout_caves, nicolae_shop_firing_range, uniq_gastronok, uniq_fannar,
          uniq_erolcha, uniq_josephine
Orc:2:    kennysheep_orc_mage_school, layout_caves, basic_altar,
          nicolae_orc_lost_temple, uniq_donald
Elf:1:    layout_geoelf_octagon, hangedman_elf_represent,
          einodemon_crawler_minivault
Elf:2:    elven_hall_of_blades_hangedman_original
          [nicolae_blade_entry_antechamber], layout_loops_corners, basic_altar
Elf:3:    elf_hall, layout_loops_corners, roderic_lattice_octagonal_star,
          uniq_zenata
Vaults:1: nicolae_vaults_windows_and_doors_thing, grunt_vaults_swirl,
          nicolae_vaults_what_the_h, vaults_room_grunt_arrival_ludios,
          ontoclasm_vaults_tryst, v_misc_33, vaults_room_fancy_cross,
          nicolae_vaults_circle_grid_a, layout_vaults_ring
Vaults:2: v_rooms_5, hangedman_vaults_stream, nicolae_vaults_network_periphery,
          vaults_room_pool, ontoclasm_vaults_decontamination,
          vaults_mumra_hexcomb, vaults_mumra_minichess, vaults_dpeg_hooks,
          vaults_room_glass_cross, nicolae_vaults_little_squares_3,
          ontoclasm_vaults_loading_screen, nicolae_vaults_theta,
          vaults_room_fours, layout_vaults_chaotic_city, serial_shops, shop
Vaults:3: infiniplex_enter_wizlab_water, minmay_crypt_entry_nasty_monster,
          vaults_room_boxed, vaults_room_ringed_pool,
          ontoclasm_vaults_loading_screen, special_room_vaults
          [special_room_orc], layout_vaults_omnicross, serial_shops,
          nicolae_shop_temple_entry_statues_fountains
Vaults:4: vaults_dpeg_cross, vaults_room_fancy_cross, v_pattern_5, v_rooms_2,
          v_misc_14, ontoclasm_vaults_ring_large, hangedman_vaults_stitches,
          vaults_room_corners, vaults_dpeg_encased_lava, layout_vaults_quadrants
Vaults:5
Crypt:1:  layout_rooms, lemuel_upstairs_altar, grunt_crypt_arrival_guarded_gate,
          uniq_bai_suzhen, uniq_saint_roka, uniq_vv
Crypt:2:  layout_catacombs
Crypt:3:  church_of_pain_bobbens, layout_chaotic_city, st_stairs_8
Depths:1: layout_cave_pools, grunt_metal_band, minmay_orc_keep
Depths:2: nicolae_cairo_tiling_very_big, layout_cave_pools,
          grunt_pan_entry_spiral, hangedman_decor_lopped,
          pf_hell_entry_great_geh, abyss_entry
Depths:3: kennysheep_oblong_rooms, layout_basic, enter_ziggurat_a,
          nrook_mini_backslash, abyss_entry, pf_coc_iceberg,
          minmay_fire_ice_demons, infiniplex_staircase_river
Depths:4: grunt_zot_entry_hairpin, layout_cave_pools, columned_hall_lemuel,
          hangedman_abyss_entry_splay, hell_entry, rand_demon_pan_entry_1,
          nicolae_shop_sticking_my_neck_out, uniq_josephina
Hell
Geh:1:    layout_gehenna_pools_basic
Zot:1:    layout_twisted_circle, gammafunk_ghost_berserking_beasts,
          hangedman_zot_spectrum
Zot:2:    layout_gridlike, nzn_ghost_randoct, zot_minivault_4
Zot:3:    layout_basic, lemuel_baited_zot_trap, nicolae_transporter_circle,
          uniq_tiamat
Zot:4:    layout_misc_corridors, st_stairs_2, lemuel_baited_zot_trap,
          grunt_megastairs_4
Zot:5:    layout_misc_corridors
Zig:14

Skill      XL: |  1  2  3  4  5  6  7  8  9 10 11 12 13 14 15 16 17 18 19 20 21 22 23 24 25 26 27 |
---------------+----------------------------------------------------------------------------------+-----
Ice Magic      | 5 6 7 8 9 10 18 22 | 22.0
Fighting       | 1 2 3 4 5 7 9 10 11 12 13 14 15 16 18 19 20 21 | 21.3
Spellcasting   | 3 4 5 6 7 8 9 10 12 17 | 17.3
Summonings     | 1 3 5 6 11 15 18 | 18.2
Dodging        | 4 5 7 9 10 11 | 11.7
Long Blades    | 3 5 7 9 10 11 13 16 17 | 17.5
Invocations    | 2 4 5 6 10 12 13 15 16 17 18 19 20 22 | 22.4
Armour         | 2 3 4 6 11 12 13 16 19 21 | 21.0
Translocations | 2 4 6 7 |  7.7
Evocations     | 2 5 7 10 | 10.6
Necromancy     | 3 5 6 7 13 | 13.2
Shields        | 1 4 10 11 | 11.2
Earth Magic    | 4 7 10 | 10.0
Stealth        | 7 11 | 11.0
Transmutations | 16 | 16.1
Short Blades   | 3 |  3.5

Action                   |  1- 3 |  4- 6 |  7- 9 | 10-12 | 13-15 | 16-18 | 19-21 | 22-24 | 25-27 || total
-------------------------+-------+-------+-------+-------+-------+-------+-------+-------+-------++-------
Melee: Dagger            |    27 |       |       |       |       |       |       |       |  1094 ||  1121
       Short sword       |    25 |    72 |    23 |       |       |       |       |       |       ||   120
       Unarmed           |       |     5 |       |       |       |       |       |       |       ||     5
       Punch             |       |     3 |     3 |     4 |       |       |       |       |       ||    10
       Falchion          |       |       |   105 |   308 |       |       |       |       |       ||   413
       Kick              |       |       |       |   102 |   123 |       |       |       |       ||   225
       Scimitar          |       |       |       |   128 |   280 |  1343 |   433 |       |       ||  2184
       Long sword        |       |       |       |       |   218 |       |       |       |       ||   218
       Headbutt          |       |       |       |       |       |       |   400 |   500 |  1067 ||  1967
       Demon blade       |       |       |       |       |       |       |   989 |  1318 |  1860 ||  4167
 Cast: Freeze            |    28 |    17 |    10 |    13 |     6 |    17 |     1 |       |       ||    92
       Frozen Ramparts   |     1 |     9 |    32 |    67 |    54 |   100 |    77 |    65 |   116 ||   521
       Ozocubu's Armour  |       |     3 |     8 |    27 |    21 |    24 |    36 |    27 |    45 ||   191
       Summon Ice Beast  |       |       |     8 |    25 |    18 |    16 |     8 |     5 |     7 ||    87
       Lesser Beckoning  |       |       |       |    12 |     1 |    41 |    96 |   102 |   180 ||   432
       Borgnjor's Vile C |       |       |       |       |       |     4 |     6 |    18 |    45 ||    73
       Passwall          |       |       |       |       |       |       |     1 |       |     2 ||     3
       Summon Forest     |       |       |       |       |       |       |       |     3 |     9 ||    12
       Blink             |       |       |       |       |       |       |       |     2 |     1 ||     3
       Ozocubu's Refrige |       |       |       |       |       |       |       |       |    74 ||    74
       Dispel Undead     |       |       |       |       |       |       |       |       |    96 ||    96
       Statue Form       |       |       |       |       |       |       |       |       |     9 ||     9
       Necromutation     |       |       |       |       |       |       |       |       |     4 ||     4
       Passage of Golubr |       |       |       |       |       |       |       |       |     2 ||     2
Invok: Slouch            |       |       |       |     2 |     4 |     8 |    11 |     7 |    21 ||    53
       Step From Time    |       |       |       |       |     1 |     2 |       |     1 |     3 ||     7
       Bend Time         |       |       |       |       |       |       |       |       |     2 ||     2
 Abil: Hop               |       |       |       |     2 |     6 |     3 |     8 |     3 |    18 ||    40
       Evoke Blink       |       |       |       |       |     1 |       |       |       |       ||     1
Evoke: Wand              |       |       |     4 |    11 |    14 |    11 |     5 |     1 |    36 ||    82
       Phantom mirror    |       |       |       |       |       |       |       |       |     5 ||     5
       Condenser vane    |       |       |       |       |       |       |       |       |     3 ||     3
  Use: Scroll            |     4 |     5 |     7 |     8 |     8 |    20 |    22 |    14 |    31 ||   119
       Potion            |       |     3 |     1 |     4 |     5 |     4 |    11 |    10 |    53 ||    91
 Stab: Sleeping          |     1 |     1 |     2 |     7 |       |    10 |    16 |     7 |    19 ||    63
       Distracted        |       |       |       |     2 |       |     7 |     5 |     5 |    18 ||    37
       Confused          |       |       |       |     3 |       |       |       |       |     2 ||     5
       Petrified         |       |       |       |       |       |       |       |       |     3 ||     3
Armor: Robe              |    15 |    35 |    38 |       |       |       |       |       |       ||    88
       Leather armour    |       |       |     2 |     7 |       |       |       |       |       ||     9
       Swamp dragon scal |       |       |       |   214 |    75 |   514 |   100 |       |       ||   903
       Chain mail        |       |       |       |       |   135 |     6 |       |       |       ||   141
       Fire dragon scale |       |       |       |       |       |    72 |   198 |   390 |  1233 ||  1893
       Skin              |       |       |       |       |       |       |       |       |   168 ||   168
Dodge: Dodged            |    46 |    49 |   101 |   397 |   329 |  1122 |   932 |  1152 |  3532 ||  7660
Block: Other             |    16 |    29 |    39 |   158 |       |       |       |       |       ||   242
       Reflection        |       |       |     3 |    12 |    17 |    33 |   147 |    62 |     9 ||   283
       Buckler           |       |       |       |    11 |   386 |  1368 |  1218 |  1218 |  2452 ||  6653

Table legend: (Time is in decaauts)
 A = Elapsed time spent in this place.
 B = Non-inter-level travel time spent in this place.
 C = Inter-level travel time spent in this place.
 D = Time resting spent in this place.
 E = Time spent auto-exploring this place.
 F = Levels seen in this place.
 G = Mean time per level.
                   A        B        C        D        E       F      G
               +--------+--------+--------+--------+--------+-----+--------+
         Total | 158123 | 140589 |  17534 |  39600 |  71942 |  80 | 1976.5 |
       Dungeon |  33370 |  28184 |   5186 |   7173 |  16667 |  15 | 2224.7 |
        Temple |    129 |    113 |     16 |      0 |     92 |   1 |  129.0 |
          Lair |  14096 |  12388 |   1708 |   2852 |   7749 |   5 | 2819.2 |
        Shoals |   7461 |   7021 |    440 |    216 |   5238 |   4 | 1865.2 |
   Spider Nest |  11135 |  10374 |    761 |   3033 |   5440 |   4 | 2783.8 |
    Slime Pits |   8551 |   8012 |    539 |   2773 |   3635 |   5 | 1710.2 |
  Orcish Mines |   3840 |   3586 |    254 |    516 |   1869 |   2 | 1920.0 |
   Elven Halls |   9765 |   8713 |   1052 |   2267 |   4683 |   3 | 3255.0 |
        Vaults |  21522 |  18657 |   2865 |   5204 |  10028 |   5 | 4304.4 |
         Crypt |   9349 |   8793 |    556 |   2981 |   3012 |   3 | 3116.3 |
        Depths |  12258 |  10366 |   1892 |   3509 |   4940 |   4 | 3064.5 |
          Hell |    658 |    609 |     49 |    273 |     28 |   1 |  658.0 |
       Gehenna |     35 |     35 |      0 |      0 |      0 |   1 |   35.0 |
           Zot |  19455 |  17245 |   2210 |   6411 |   7368 |   5 | 3891.0 |
         Abyss |   1400 |   1400 |      0 |     82 |    712 |   5 |  280.0 |
      Ziggurat |   3204 |   3204 |      0 |   1672 |      0 |  14 |  228.9 |
        Bailey |    671 |    671 |      0 |    161 |    285 |   1 |  671.0 |
        Wizlab |    271 |    271 |      0 |     61 |     21 |   1 |  271.0 |
      Gauntlet |    945 |    945 |      0 |    410 |    169 |   1 |  945.0 |
               +--------+--------+--------+--------+--------+-----+--------+

Top non-repeatable levels by time:
Vaults:4: 5310 daAuts
    D:15: 5093 daAuts
   Elf:3: 5071 daAuts
Vaults:2: 5034 daAuts
   Zot:1: 4795 daAuts
Vaults:3: 4592 daAuts
Depths:4: 4527 daAuts
   Zot:3: 4394 daAuts
 Crypt:3: 3932 daAuts
Depths:3: 3872 daAuts
Spider:4: 3866 daAuts
   Zot:4: 3599 daAuts
  Lair:5: 3473 daAuts
   Zot:2: 3448 daAuts
Vaults:1: 3338 daAuts
